 Dungeon Crawl Stone Soup version 0.30-a0-553-g7fabdf1491 (webtiles) character file.

Game seed: 9489470579171581679

47 Armakuni the Twirler (level 3, -3/27 HPs)
             Began as a Human Wanderer on Dec 26, 2022.
             Killed by divine providence
             ... invoked by an orc priest
              (13 damage)
             ... on level 2 of the Dungeon.
             The game lasted 00:03:06 (1283 turns).

Armakuni the Twirler (Human Wanderer)               Turns: 1283, Time: 00:03:07

Health: -3/27      AC:  6    Str: 11    XL:     3   Next: 97%
Magic:  4/4        EV:  9    Int: 12    God:
Gold:   56         SH:  5    Dex: 15    Spells: 3/4 levels left

rFire   . . .      SeeInvis .    a - +1 quarterstaff (vorpal)
rCold   . . .      Faith    .    (shield currently unavailable)
rNeg    + . .      Spirit   .    h - +0 ring mail
rPois   .          Reflect  +    (no helmet)
rElec   .          Harm     .    (no cloak)
rCorr   .          Rampage  .    b - +0 pair of gloves
Will    .....                    (no boots)
Stlth   +                        H - amulet of reflection
HPRegen 0.24/turn                N - ring of positive energy
MPRegen 0.09/turn                (no ring)

@: no status effects
A: no striking features
a: no special abilities


You were on level 2 of the Dungeon.
You visited 1 branch of the dungeon, and saw 2 of its levels.

You collected 56 gold pieces.

Inventory:

Hand Weapons
 a - a +1 vorpal quarterstaff (weapon)
Missiles
 f - 4 poisoned darts
Armour
 b - a +0 pair of gloves (worn)
 d - a +0 robe
 g - an orb of light
 h - a +0 ring mail (worn)
Jewellery
 H - an amulet of reflection (around neck)
 N - a ring of positive energy (left hand)
Scrolls
 i - a scroll of vulnerability {unknown}
Potions
 c - a potion of might
 e - a potion of curing {unknown}


   Skills:
 + Level 2.1 Fighting
 + Level 4.7 Staves
 - Level 2.0 Armour
 - Level 1.0 Stealth
 - Level 1.0 Spellcasting
 - Level 2.0 Air Magic


You had 3 spell levels left.
You knew the following spells:

 Your Spells              Type           Power      Damage    Failure   Level
a - Shock                 Conj/Air       12%        1d3       43%         1

Your spell library contained the following spells:

 Spells                   Type           Power      Damage    Failure   Level
 Foxfire                  Conj/Fire      0%         2x1d4     56%         1
 Sting                    Tmut/Pois      0%         1d3       56%         1
 Poisonous Vapours        Pois/Air       6%         N/A       56%         2
 Swiftness                Air            5%         N/A       67%         3
 Kindle Blastsparks       Fire/Tloc/Air  4%         2d10      86%         3
 Ignite Poison            Fire/Tmut/Pois 0%         N/A       91%         3
 Olgreb's Toxic Radiance  Pois           0%         N/A       100%        4
 Alistair's Intoxication  Tmut/Pois      0%         N/A       100%        5
 Borgnjor's Vile Clutch   Necr/Erth      0%         N/A       100%        5
 Fireball                 Conj/Fire      0%         3d3       100%        5
 Freezing Cloud           Conj/Ice/Air   1%         6-21      100%        5
 Eringya's Noxious Bog    Tmut/Pois      0%         N/A       100%        6
 Starburst                Conj/Fire      0%         6d3       100%        6


Dungeon Overview and Level Annotations

Branches:
Dungeon (2/15)

Altars:


Message History

You hit the hobgoblin but do no damage.
The hobgoblin is moderately wounded.
The hobgoblin barely misses you.
You thump the hobgoblin!
You kill the hobgoblin!
You closely miss the hobgoblin.
The hobgoblin hits you but does no damage.
You hit the hobgoblin.
The hobgoblin is severely wounded.
You block the hobgoblin's attack.
You sock the hobgoblin!
You kill the hobgoblin!
You now have 56 gold pieces (gained 13).
You see here an adder corpse.
You aren't carrying any scrolls.
HP restored.
There is a stone staircase leading down here.
i - a scroll labelled JIADON WINKI An orc and an orc priest come into view.
The orc shouts!
The orc priest shouts!
An orc comes into view. It is wielding a +0 club.
The orc moves out of view.
The orc priest mumbles some strange prayers to Beogh against you.
Pain shoots through your body!
You start resting.
An orc priest is nearby!
The orc priest hits you with a +0 mace.
You closely miss the orc priest.
The orc priest hits you but does no damage.
You hit the orc priest.
The orc priest is lightly wounded.
The orc hits you but does no damage.
The orc priest invokes the aid of Beogh against you.
Pain shoots through your body!
You hit the orc priest but do no damage.
The orc priest is lightly wounded.
The orc hits you with a +0 morningstar.
The orc priest calls down the wrath of Beogh upon you.
Beogh smites you!
You die...

#o....# o...###.##
. #..## #.# ##..#
..##..# ##.##
#.#..##..# #..#
#...#....# ##.##
#...#.##.#
#oo###.#......#
###@....#......#
#.....##.......####
#.###........<....#
#. ##....#....##.#
#. ####..##>...# ..
#......#†##.# ##
#......#.##†#
#......#.##.#
#......#....###


You could see an orc priest and an orc.

Vanquished Creatures
  2 adders (D:2)
  A worm (D:2)
  7 endoplasms
  3 goblins (D:1)
  4 hobgoblins
  3 bats (D:1)
  A frilled lizard (D:1)
  2 kobolds (D:1)
  2 rats (D:1)
25 creatures vanquished.

Notes
Turn   | Place    | Note
-------+----------+-------------------------------------------
     0 | D:1      | Armakuni the Human Wanderer began the quest for the Orb.
     0 | D:1      | Armakuni set off with the following items: a +0 vorpal
                  | quarterstaff, a +0 pair of gloves, a potion of might, a +0
                  | robe; and the following spell memorised: Shock; and the
                  | following spells available to memorise: Swiftness.
     0 | D:1      | Reached XP level 1. HP: 13/13 MP: 2/2
   232 | D:1      | Reached XP level 2. HP: 14/20 MP: 3/3
   234 | D:1      | Reached skill level 1 in Fighting
   918 | D:1      | Reached XP level 3. HP: 26/26 MP: 4/4
  1283 | D:2      | Killed from afar by an orc priest

Illustrated notes

Levels and vault maps discovered:
D:1:      dpeg_arrival_renting, layout_basic
D:2:      layout_rooms, nicolae_ecumenical_oubliette

Skill      XL: |  1  2  3 |
---------------+----------+-----
Fighting       | 1 2 |  2.1
Staves         | |  4.7
Armour         | |  2.0
Stealth        | |  1.0
Spellcasting   | |  1.0
Air Magic      | |  2.0

Action                   || total
-------------------------++-------
Melee: Quarterstaff      ||    72
  Use: Scroll            ||     6
Armor: Robe              ||     8
       Ring mail         ||     8
Dodge: Dodged            ||    33
Block: Other             ||    15

Table legend: (Time is in decaauts)
 A = Elapsed time spent in this place.
 B = Non-inter-level travel time spent in this place.
 C = Inter-level travel time spent in this place.
 D = Time resting spent in this place.
 E = Time spent auto-exploring this place.
 F = Levels seen in this place.
 G = Mean time per level.
                   A        B        C        D        E       F      G
               +--------+--------+--------+--------+--------+-----+--------+
         Total |   1288 |   1209 |     79 |     72 |    792 |   2 |  644.0 |
       Dungeon |   1288 |   1209 |     79 |     72 |    792 |   2 |  644.0 |
               +--------+--------+--------+--------+--------+-----+--------+

Top non-repeatable levels by time:
     D:1: 1155 daAuts
     D:2: 133 daAuts
